Connexion

Condors vs Stars

Created - 17 octobre 2023 at 06:38

Goals
1 2 3 T
Condors 1 1 0 2
Stars 2 0 1 3
Shots
1 2 3 T
Condors 18 12 9 39
Stars 10 12 10 32

GoalsPenalties
1st period
1. Stars , Christoph Bertschy 3 (Nicolas Beaudin 13, Ilya Lyubushkin 16) at 11:57
2. Condors , Michael Brodzinski 2 (Seth Barton 13, Anthony Camara 16) at 12:38
3. Stars , Hudson Elynuik 10 (Nicolas Beaudin 14, Ilya Lyubushkin 17) at 13:55
Hudson Elynuik (TEX) for Hooking (Minor) at 8:57
Matthew Robertson (TEX) for Holding (Minor) at 16:38
2nd period
4. Condors , Jonathan Ang 12 (Marc McNulty 1, Mike Callahan 13) at 13:42
Anthony Camara (BAK) for Slashing (Minor) at 2:05
Ilya Lyubushkin (TEX) for Interference (Minor) at 5:45
Ryan Rupert (TEX) for Fighting (Major) at 7:59
Joseph Masonius (BAK) for Fighting (Major) at 7:59
Connor Bunnaman (BAK) for Holding (Minor) at 12:10
Hudson Elynuik (TEX) for Hooking (Minor) at 13:21
Liam Coughlin (TEX) for Hooking (Minor) at 19:53
3rd period
5. Stars , Gabriel Bourque 6 (Hudson Elynuik 9, Kyle Olson 9) at 16:52
Ilya Lyubushkin (TEX) for High sticking (Minor) at 4:08
Goalie Stats
Kyle Keyser (BAK), 29 saves from 32 shots - (0,906), L, 13-10-1, 59:29 minutes
Evan Cormier (TEX), 37 saves from 39 shots - (0,949), W, 4-3-0, 60:00 minutes
3 StarsOfficial
1 - Hudson Elynuik (TEX)
2 - Evan Cormier (TEX)
3 - Gabriel Bourque (TEX)
Referees : Francois StLaurent and Rob Shick
Linesman : Ryan Galloway and David Brisebois
Game Note
Ryan Rupert and Joseph Masonius fight to a draw at 7:59 of 2nd period
Finance
Level 1 -- Attendance: 2000 (100,00%) -- Ticket Income 50 000 $
Level 2 -- Attendance: 1000 (100,00%) -- Ticket Income 15 000 $
Total Attendance: 3000 (100,00%)
Total Ticket Income: 65 000 $
Other Income: 13 000 $
Total Income: 78 000 $



Team Name Goals Shots Shots Attemp Shots Blocked PIM HIT PP PK FO%
Condors 23972149220 / 6 (0%)041%
Stars 33264917290 / 2 (0%)059%

Condors
Player Name POS G A P +/- PIM HIT SHT SB MP PP MP PP SHT PK MP PK SHT FO% FOT
Anthony CamaraLW/RW011-1221018:365:4810:0000% 0
Brady Brassart C/RW000-1004021:005:0520:00033% 6
Brett PollockLW/RW0000013022:385:1810:000100% 1
Connor BunnamanC/LW000-1246023:005:1821:110100% 1
Jonathan AngC1010007324:195:1822:08040% 40
Joseph MasoniusD0000510114:200:0000:1300% 0
Marc McNultyD0110083324:046:3331:1900% 0
Marcus DavidssonC/LW/RW0000003012:430:0000:140100% 1
Marcus VelaC0000031015:110:4301:32029% 17
Matt FilipeC/LW000-1003119:255:4820:48048% 27
Matteo GennaroC/LW0000000012:560:0000:2700% 1
Michael BrodzinskiD101-1002221:214:3311:3800% 0
Mike CallahanD0110003123:396:3321:3200% 0
Nick SorensenRW000000013:060:0000:0000% 0
Pascal LabergeC/LW/RW000000000:000:0000:0000% 0
Seth BartonD011-1013120:254:3311:3800% 0
Tate OlsonD0000010116:100:0000:0000% 0
Taylor CammarataC/LW000001003:060:0000:0000% 0
Stars
Player Name POS G A P +/- PIM HIT SHT SB MP PP MP PP SHT PK MP PK SHT FO% FOT
Brad MorrisonC000000107:320:0000:00057% 7
Christoph BertschyC/LW/RW1010003015:102:0401:590100% 1
Dane FoxC/LW/RW000000006:150:0000:000100% 2
Gabriel BourqueLW/RW1011036023:071:0615:20079% 14
Hudson ElynuikC/LW1122453021:041:0514:07067% 27
Ilya LyubushkinD0220450123:371:2704:0800% 0
Joseph CecconiD0000030220:391:4305:2700% 0
Kyle OlsonC/RW0112021020:361:0603:37050% 2
Kyle PlatzerC/RW0000003012:110:0000:3000% 2
Liam CoughlinC/LW/RW000020006:140:0000:0000% 0
Macoy ErkampsD0000012120:081:4314:5600% 0
Matteson IacopelliLW/RW0000012113:242:0410:1300% 0
Matthew RobertsonD0001240215:410:0001:3100% 0
Matthew StromeLW0000031014:200:0002:39033% 3
Nicolas BeaudinD0220001025:411:2706:1000% 0
Patrick McNallyD0001012214:110:0000:0000% 0
Ryan OlsenC0000015016:362:0403:47054% 24
Ryan RupertC/LW000-1502011:330:0000:00033% 12



Play-by-Play

1st period


0:01 of 1st period - Hudson Elynuik wins face-off versus Jonathan Ang in neutral zone.
0:31 of 1st period - Shot by Gabriel Bourque.
0:31 of 1st period - Shot Blocked by Mike Callahan.
1:01 of 1st period - Shot by Anthony Camara.
1:01 of 1st period - Shot Blocked by Joseph Cecconi.
1:03 of 1st period - Shot by Matt Filipe.
1:03 of 1st period - Shot Misses the Net.
2:41 of 1st period - Icing by Taylor Cammarata.
2:42 of 1st period - Hudson Elynuik wins face-off versus Brady Brassart in Condors zone.
2:52 of 1st period - Off-side.
2:53 of 1st period - Dane Fox wins face-off versus Jonathan Ang in neutral zone.
3:06 of 1st period - Seth Barton is hit by Joseph Cecconi and loses puck.
3:09 of 1st period - Shot by Jonathan Ang.
3:09 of 1st period - Shot Misses the Net.
3:15 of 1st period - Shot by Jonathan Ang.
3:15 of 1st period - Shot Misses the Net.
3:24 of 1st period - Jonathan Ang is hit by Joseph Cecconi and loses puck.
3:29 of 1st period - Shot by Jonathan Ang.
3:29 of 1st period - Stopped by Evan Cormier with a rebound.
4:50 of 1st period - Patrick McNally is hit by Anthony Camara and loses puck.
4:59 of 1st period - Shot by Matt Filipe.
4:59 of 1st period - Stopped by Evan Cormier with a rebound.
5:01 of 1st period - Shot by Mike Callahan.
5:01 of 1st period - Stopped by Evan Cormier without a rebound.
5:02 of 1st period - Jonathan Ang wins face-off versus Ryan Rupert in Stars zone.
5:03 of 1st period - Shot by Connor Bunnaman.
5:03 of 1st period - Stopped by Evan Cormier without a rebound.
5:04 of 1st period - Matt Filipe wins face-off versus Ryan Rupert in Stars zone.
5:09 of 1st period - Shot by Matt Filipe.
5:09 of 1st period - Shot Blocked by Joseph Cecconi.
5:11 of 1st period - Shot by Mike Callahan.
5:11 of 1st period - Shot Hit the Post.
6:17 of 1st period - Matt Filipe is hit by Ilya Lyubushkin.
6:38 of 1st period - Off-side.
6:39 of 1st period - Ryan Olsen wins face-off versus Marcus Vela in neutral zone.
6:48 of 1st period - Shot by Matteson Iacopelli.
6:48 of 1st period - Shot Misses the Net.
6:54 of 1st period - Shot by Marcus Vela.
6:54 of 1st period - Shot Misses the Net.
6:56 of 1st period - Shot by Marcus Vela.
6:56 of 1st period - Stopped by Evan Cormier without a rebound.
6:57 of 1st period - Jonathan Ang wins face-off versus Brad Morrison in Stars zone.
7:55 of 1st period - Icing by Tate Olson.
7:56 of 1st period - Hudson Elynuik wins face-off versus Marcus Vela in Condors zone.
8:00 of 1st period - Icing by Tate Olson.
8:01 of 1st period - Marcus Vela wins face-off versus Hudson Elynuik in Condors zone.
8:01 of 1st period - Tate Olson is hit by Hudson Elynuik and loses puck.
8:05 of 1st period - Joseph Masonius is hit by Gabriel Bourque.
8:41 of 1st period - Tate Olson is hit by Hudson Elynuik and loses puck.
8:49 of 1st period - Tate Olson is hit by Gabriel Bourque and loses puck.
8:57 of 1st period - Minor Penalty to Hudson Elynuik for Hooking.
8:58 of 1st period - Brett Pollock wins face-off versus Matthew Strome in Stars zone.
9:07 of 1st period - Shot by Jonathan Ang.
9:07 of 1st period - Stopped by Evan Cormier without a rebound.
9:08 of 1st period - Gabriel Bourque wins face-off versus Jonathan Ang in Stars zone.
9:37 of 1st period - Shot by Jonathan Ang.
9:37 of 1st period - Deflect By Brett Pollock.
9:37 of 1st period - Stopped by Evan Cormier without a rebound.
9:38 of 1st period - Matt Filipe wins face-off versus Ryan Olsen in Stars zone.
10:58 of 1st period - Shot by Connor Bunnaman.
10:58 of 1st period - Stopped by Evan Cormier without a rebound.
10:59 of 1st period - Marcus Vela wins face-off versus Brad Morrison in Stars zone.
11:02 of 1st period - Shot by Marcus Davidsson.
11:02 of 1st period - Stopped by Evan Cormier without a rebound.
11:03 of 1st period - Brad Morrison wins face-off versus Marcus Vela in Stars zone.
11:18 of 1st period - Shot by Brad Morrison.
11:18 of 1st period - Shot Misses the Net.
11:20 of 1st period - Shot by Liam Coughlin.
11:20 of 1st period - Deflect By Brad Morrison.
11:20 of 1st period - Stopped by Kyle Keyser without a rebound.
11:21 of 1st period - Ryan Rupert wins face-off versus Jonathan Ang in Condors zone.
11:21 of 1st period - Ryan Rupert is hit by Marc McNulty.
11:26 of 1st period - Icing by Marc McNulty.
11:27 of 1st period - Hudson Elynuik wins face-off versus Jonathan Ang in Condors zone.
11:27 of 1st period - Hudson Elynuik is hit by Marc McNulty.
11:43 of 1st period - Shot by Gabriel Bourque.
11:43 of 1st period - Stopped by Kyle Keyser without a rebound.
11:44 of 1st period - Ryan Olsen wins face-off versus Matt Filipe in Condors zone.
11:57 of 1st period - Shot by Christoph Bertschy.
11:57 of 1st period - Goal by Christoph Bertschy - Condors : 0 - Stars : 1.
11:58 of 1st period - Hudson Elynuik wins face-off versus Jonathan Ang in neutral zone.
12:00 of 1st period - Joseph Cecconi is hit by Marc McNulty and loses puck.
12:11 of 1st period - Macoy Erkamps is hit by Marc McNulty and loses puck.
12:20 of 1st period - Shot by Jonathan Ang.
12:20 of 1st period - Shot Misses the Net.
12:22 of 1st period - Shot by Marc McNulty.
12:22 of 1st period - Shot Misses the Net.
12:24 of 1st period - Shot by Mike Callahan.
12:24 of 1st period - Shot Misses the Net.
12:26 of 1st period - Shot by Brett Pollock.
12:26 of 1st period - Stopped by Evan Cormier without a rebound.
12:27 of 1st period - Matt Filipe wins face-off versus Ryan Olsen in Stars zone.
12:32 of 1st period - Shot by Anthony Camara.
12:32 of 1st period - Shot Misses the Net.
12:34 of 1st period - Shot by Seth Barton.
12:34 of 1st period - Stopped by Evan Cormier with a rebound.
12:36 of 1st period - Shot by Michael Brodzinski.
12:36 of 1st period - Shot Misses the Net.
12:38 of 1st period - Shot by Michael Brodzinski.
12:38 of 1st period - Goal by Michael Brodzinski - Condors : 1 - Stars : 1.
12:39 of 1st period - Brady Brassart wins face-off versus Kyle Platzer in neutral zone.
13:02 of 1st period - Shot by Matthew Strome.
13:02 of 1st period - Stopped by Kyle Keyser without a rebound.
13:03 of 1st period - Christoph Bertschy wins face-off versus Jonathan Ang in Condors zone.
13:07 of 1st period - Icing by Mike Callahan.
13:08 of 1st period - Jonathan Ang wins face-off versus Ryan Olsen in Condors zone.
13:47 of 1st period - Shot by Connor Bunnaman.
13:47 of 1st period - Stopped by Evan Cormier without a rebound.
13:48 of 1st period - Hudson Elynuik wins face-off versus Matt Filipe in Stars zone.
13:55 of 1st period - Shot by Hudson Elynuik.
13:55 of 1st period - Goal by Hudson Elynuik - Condors : 1 - Stars : 2.
13:56 of 1st period - Matt Filipe wins face-off versus Hudson Elynuik in neutral zone.
13:56 of 1st period - Matt Filipe is hit by Hudson Elynuik.
14:06 of 1st period - Shot by Kyle Olson.
14:06 of 1st period - Shot Blocked by Michael Brodzinski.
14:12 of 1st period - Shot by Kyle Olson.
14:12 of 1st period - Shot Misses the Net.
14:17 of 1st period - Icing by Seth Barton.
14:18 of 1st period - Matt Filipe wins face-off versus Ryan Rupert in Condors zone.
14:25 of 1st period - Shot by Brady Brassart .
14:25 of 1st period - Shot Blocked by Macoy Erkamps.
14:27 of 1st period - Shot by Seth Barton.
14:27 of 1st period - Stopped by Evan Cormier without a rebound.
14:28 of 1st period - Jonathan Ang wins face-off versus Ryan Olsen in Stars zone.
15:13 of 1st period - Icing by Marc McNulty.
15:14 of 1st period - Jonathan Ang wins face-off versus Hudson Elynuik in Condors zone.
16:31 of 1st period - Shot by Marcus Vela.
16:31 of 1st period - Shot Misses the Net.
16:38 of 1st period - Minor Penalty to Matthew Robertson for Holding.
16:39 of 1st period - Jonathan Ang wins face-off versus Ryan Olsen in Stars zone.
16:42 of 1st period - Shot by Jonathan Ang.
16:42 of 1st period - Stopped by Evan Cormier with a rebound.
16:48 of 1st period - Shot by Mike Callahan.
16:48 of 1st period - Stopped by Evan Cormier without a rebound.
16:49 of 1st period - Matthew Strome wins face-off versus Jonathan Ang in Stars zone.
17:06 of 1st period - Shot by Connor Bunnaman.
17:06 of 1st period - Stopped by Evan Cormier without a rebound.
17:07 of 1st period - Gabriel Bourque wins face-off versus Matt Filipe in Stars zone.
17:18 of 1st period - Shot by Michael Brodzinski.
17:18 of 1st period - Shot Blocked by Ilya Lyubushkin.
18:12 of 1st period - Shot by Mike Callahan.
18:12 of 1st period - Shot Misses the Net.
18:14 of 1st period - Shot by Marc McNulty.
18:14 of 1st period - Stopped by Evan Cormier without a rebound.
18:15 of 1st period - Gabriel Bourque wins face-off versus Jonathan Ang in Stars zone.
18:38 of 1st period - Shot by Jonathan Ang.
18:38 of 1st period - Shot Blocked by Matteson Iacopelli.
18:48 of 1st period - Shot by Christoph Bertschy.
18:48 of 1st period - Stopped by Kyle Keyser without a rebound.
18:49 of 1st period - Brady Brassart wins face-off versus Ryan Rupert in Condors zone.
18:53 of 1st period - Icing by Nick Sorensen.
18:54 of 1st period - Ryan Olsen wins face-off versus Brady Brassart in Condors zone.
18:54 of 1st period - Macoy Erkamps is hit by Joseph Masonius and loses puck.
18:57 of 1st period - Shot by Matteson Iacopelli.
18:57 of 1st period - Shot Misses the Net.
18:59 of 1st period - Shot by Macoy Erkamps.
18:59 of 1st period - Shot Blocked by Joseph Masonius.
19:09 of 1st period - Shot by Christoph Bertschy.
19:09 of 1st period - Stopped by Kyle Keyser with a rebound.
19:11 of 1st period - Shot by Ryan Olsen.
19:11 of 1st period - Stopped by Kyle Keyser without a rebound.
19:12 of 1st period - Jonathan Ang wins face-off versus Ryan Rupert in Condors zone.
19:39 of 1st period - Shot by Kyle Platzer.
19:39 of 1st period - Shot Misses the Net.
19:41 of 1st period - Shot by Patrick McNally.
19:41 of 1st period - Stopped by Kyle Keyser without a rebound.
19:42 of 1st period - Matt Filipe wins face-off versus Hudson Elynuik in Condors zone.
19:42 of 1st period - Matt Filipe is hit by Hudson Elynuik.
19:45 of 1st period - Icing by Mike Callahan.
19:46 of 1st period - Hudson Elynuik wins face-off versus Matt Filipe in Condors zone.
19:46 of 1st period - Hudson Elynuik is hit by Marc McNulty.
19:58 of 1st period - Shot by Gabriel Bourque.
19:58 of 1st period - Stopped by Kyle Keyser without a rebound.
19:59 of 1st period - Ryan Olsen wins face-off versus Jonathan Ang in Condors zone.
Goals for this period are 1 for Condors vs 2 for Stars.
Shots for this period are 18 for Condors vs 10 for Stars.

2nd period


0:01 of 2nd period - Jonathan Ang wins face-off versus Hudson Elynuik in neutral zone.
0:11 of 2nd period - Icing by Ilya Lyubushkin.
0:12 of 2nd period - Hudson Elynuik wins face-off versus Matt Filipe in Stars zone.
0:24 of 2nd period - Anthony Camara is hit by Ilya Lyubushkin and loses puck.
0:49 of 2nd period - Anthony Camara is hit by Ilya Lyubushkin and loses puck.
0:57 of 2nd period - Icing by Ilya Lyubushkin.
0:58 of 2nd period - Hudson Elynuik wins face-off versus Jonathan Ang in Stars zone.
1:44 of 2nd period - Shot by Ryan Olsen.
1:44 of 2nd period - Stopped by Kyle Keyser without a rebound.
1:45 of 2nd period - Ryan Rupert wins face-off versus Marcus Vela in Condors zone.
1:46 of 2nd period - Shot by Patrick McNally.
1:46 of 2nd period - Stopped by Kyle Keyser with a rebound.
1:48 of 2nd period - Shot by Kyle Platzer.
1:48 of 2nd period - Stopped by Kyle Keyser without a rebound.
1:49 of 2nd period - Matt Filipe wins face-off versus Kyle Platzer in Condors zone.
1:53 of 2nd period - Michael Brodzinski is hit by Matthew Robertson and loses puck.
2:05 of 2nd period - Minor Penalty to Anthony Camara for Slashing.
2:06 of 2nd period - Jonathan Ang wins face-off versus Ryan Olsen in Condors zone.
2:11 of 2nd period - Ilya Lyubushkin is hit by Connor Bunnaman and loses puck.
3:09 of 2nd period - Shot by Hudson Elynuik.
3:09 of 2nd period - Shot Misses the Net.
3:11 of 2nd period - Shot by Macoy Erkamps.
3:11 of 2nd period - Stopped by Kyle Keyser without a rebound.
3:12 of 2nd period - Hudson Elynuik wins face-off versus Jonathan Ang in Condors zone.
3:13 of 2nd period - Shot by Macoy Erkamps.
3:13 of 2nd period - Shot Blocked by Jonathan Ang.
3:35 of 2nd period - Shot by Hudson Elynuik.
3:35 of 2nd period - Stopped by Kyle Keyser with a rebound.
3:37 of 2nd period - Shot by Gabriel Bourque.
3:37 of 2nd period - Stopped by Kyle Keyser without a rebound.
3:38 of 2nd period - Matt Filipe wins face-off versus Ryan Olsen in Condors zone.
3:44 of 2nd period - Icing by Ilya Lyubushkin.
3:45 of 2nd period - Matt Filipe wins face-off versus Ryan Olsen in Stars zone.
4:02 of 2nd period - Shot by Matteson Iacopelli.
4:02 of 2nd period - Stopped by Kyle Keyser without a rebound.
4:03 of 2nd period - Hudson Elynuik wins face-off versus Jonathan Ang in Condors zone.
4:04 of 2nd period - Shot by Macoy Erkamps.
4:04 of 2nd period - Shot Misses the Net.
4:08 of 2nd period - Shot by Matthew Strome.
4:08 of 2nd period - Shot Misses the Net.
4:10 of 2nd period - Shot by Ryan Rupert.
4:10 of 2nd period - Shot Blocked by Nick Sorensen.
5:15 of 2nd period - Joseph Masonius is hit by Ilya Lyubushkin and loses puck.
5:45 of 2nd period - Minor Penalty to Ilya Lyubushkin for Interference.
5:46 of 2nd period - Gabriel Bourque wins face-off versus Jonathan Ang in Stars zone.
5:46 of 2nd period - Gabriel Bourque is hit by Connor Bunnaman.
6:00 of 2nd period - Shot by Jonathan Ang.
6:00 of 2nd period - Deflect By Connor Bunnaman.
6:00 of 2nd period - Shot Misses the Net.
6:02 of 2nd period - Shot by Connor Bunnaman.
6:02 of 2nd period - Stopped by Evan Cormier without a rebound.
6:03 of 2nd period - Matt Filipe wins face-off versus Gabriel Bourque in Stars zone.
6:57 of 2nd period - Connor Bunnaman is hit by Kyle Olson and loses puck.
7:16 of 2nd period - Shot by Seth Barton.
7:16 of 2nd period - Stopped by Evan Cormier without a rebound.
7:17 of 2nd period - Matt Filipe wins face-off versus Kyle Olson in Stars zone.
7:32 of 2nd period - Shot by Marc McNulty.
7:32 of 2nd period - Stopped by Evan Cormier with a rebound.
7:34 of 2nd period - Shot by Matt Filipe.
7:34 of 2nd period - Shot Misses the Net.
7:36 of 2nd period - Shot by Matt Filipe.
7:36 of 2nd period - Stopped by Evan Cormier with a rebound.
7:38 of 2nd period - Shot by Brady Brassart .
7:38 of 2nd period - Stopped by Evan Cormier with a rebound.
7:40 of 2nd period - Shot by Matt Filipe.
7:40 of 2nd period - Stopped by Evan Cormier without a rebound.
7:41 of 2nd period - Kyle Olson wins face-off versus Jonathan Ang in Stars zone.
7:59 of 2nd period - Ryan Rupert and Joseph Masonius fight to a draw.
7:59 of 2nd period - Penalty to Ryan Rupert for Fighting.
7:59 of 2nd period - Penalty to Joseph Masonius for Fighting.
8:00 of 2nd period - Jonathan Ang wins face-off versus Ryan Olsen in Condors zone.
8:28 of 2nd period - Jonathan Ang is hit by Matthew Robertson and loses puck.
9:15 of 2nd period - Shot by Joseph Cecconi.
9:15 of 2nd period - Shot Blocked by Marc McNulty.
10:15 of 2nd period - Shot by Marcus Davidsson.
10:15 of 2nd period - Stopped by Evan Cormier without a rebound.
10:16 of 2nd period - Connor Bunnaman wins face-off versus Ryan Olsen in Stars zone.
10:23 of 2nd period - Shot by Brett Pollock.
10:23 of 2nd period - Stopped by Evan Cormier with a rebound.
10:29 of 2nd period - Shot by Ryan Olsen.
10:29 of 2nd period - Stopped by Kyle Keyser without a rebound.
10:30 of 2nd period - Dane Fox wins face-off versus Marcus Vela in Condors zone.
10:30 of 2nd period - Dane Fox is hit by Marc McNulty.
10:37 of 2nd period - Icing by Mike Callahan.
10:38 of 2nd period - Ryan Olsen wins face-off versus Marcus Vela in Condors zone.
11:10 of 2nd period - Icing by Matthew Robertson.
11:11 of 2nd period - Ryan Olsen wins face-off versus Jonathan Ang in Stars zone.
11:11 of 2nd period - Ryan Olsen is hit by Brett Pollock.
11:17 of 2nd period - Shot by Ryan Olsen.
11:17 of 2nd period - Shot Blocked by Michael Brodzinski.
11:34 of 2nd period - Shot by Brett Pollock.
11:34 of 2nd period - Deflect By Jonathan Ang.
11:34 of 2nd period - Stopped by Evan Cormier without a rebound.
11:35 of 2nd period - Matt Filipe wins face-off versus Hudson Elynuik in Stars zone.
11:35 of 2nd period - Matt Filipe is hit by Ilya Lyubushkin.
12:00 of 2nd period - Icing by Ilya Lyubushkin.
12:01 of 2nd period - Hudson Elynuik wins face-off versus Jonathan Ang in Stars zone.
12:01 of 2nd period - Hudson Elynuik is hit by Connor Bunnaman.
12:10 of 2nd period - Minor Penalty to Connor Bunnaman for Holding.
12:11 of 2nd period - Ryan Olsen wins face-off versus Jonathan Ang in Condors zone.
13:21 of 2nd period - Minor Penalty to Hudson Elynuik for Hooking.
13:22 of 2nd period - Jonathan Ang wins face-off versus Gabriel Bourque in Stars zone.
13:42 of 2nd period - Shot by Jonathan Ang.
13:42 of 2nd period - Goal by Jonathan Ang - Condors : 2 - Stars : 2.
13:43 of 2nd period - Gabriel Bourque wins face-off versus Marcus Vela in neutral zone.
14:14 of 2nd period - Shot by Matt Filipe.
14:14 of 2nd period - Shot Misses the Net.
14:16 of 2nd period - Shot by Marc McNulty.
14:16 of 2nd period - Stopped by Evan Cormier without a rebound.
14:17 of 2nd period - Gabriel Bourque wins face-off versus Matt Filipe in Stars zone.
14:38 of 2nd period - Shot by Matt Filipe.
14:38 of 2nd period - Shot Misses the Net.
14:45 of 2nd period - Icing by Mike Callahan.
14:46 of 2nd period - Matt Filipe wins face-off versus Ryan Olsen in Condors zone.
14:46 of 2nd period - Matt Filipe is hit by Kyle Olson.
15:01 of 2nd period - Brady Brassart is hit by Ryan Olsen and loses puck.
15:24 of 2nd period - Shot by Christoph Bertschy.
15:24 of 2nd period - Shot Misses the Net.
15:58 of 2nd period - Shot by Liam Coughlin.
15:58 of 2nd period - Shot Misses the Net.
16:26 of 2nd period - Shot by Ryan Olsen.
16:26 of 2nd period - Shot Hit the Post.
16:28 of 2nd period - Shot by Ilya Lyubushkin.
16:28 of 2nd period - Shot Blocked by Jonathan Ang.
16:30 of 2nd period - Shot by Ryan Olsen.
16:30 of 2nd period - Shot Misses the Net.
16:32 of 2nd period - Shot by Nicolas Beaudin.
16:32 of 2nd period - Stopped by Kyle Keyser without a rebound.
16:33 of 2nd period - Hudson Elynuik wins face-off versus Marcus Vela in Condors zone.
16:38 of 2nd period - Shot by Kyle Olson.
16:38 of 2nd period - Stopped by Kyle Keyser without a rebound.
16:39 of 2nd period - Hudson Elynuik wins face-off versus Marcus Vela in Condors zone.
16:48 of 2nd period - Icing by Michael Brodzinski.
16:49 of 2nd period - Ryan Rupert wins face-off versus Marcus Vela in Condors zone.
16:52 of 2nd period - Shot by Matthew Strome.
16:52 of 2nd period - Deflect By Kyle Platzer.
16:52 of 2nd period - Stopped by Kyle Keyser without a rebound.
16:53 of 2nd period - Hudson Elynuik wins face-off versus Matt Filipe in Condors zone.
17:04 of 2nd period - Shot by Brady Brassart .
17:04 of 2nd period - Stopped by Evan Cormier without a rebound.
17:05 of 2nd period - Ryan Olsen wins face-off versus Marcus Vela in Stars zone.
17:05 of 2nd period - Ryan Olsen is hit by Marcus Vela.
17:13 of 2nd period - Shot by Ryan Olsen.
17:13 of 2nd period - Stopped by Kyle Keyser without a rebound.
17:14 of 2nd period - Hudson Elynuik wins face-off versus Matt Filipe in Condors zone.
17:14 of 2nd period - Gabriel Bourque is hit by Marc McNulty and loses puck.
17:57 of 2nd period - Brady Brassart is hit by Hudson Elynuik and loses puck.
18:36 of 2nd period - Brett Pollock is hit by Matteson Iacopelli and loses puck.
18:58 of 2nd period - Icing by Brett Pollock.
18:59 of 2nd period - Jonathan Ang wins face-off versus Ryan Rupert in Condors zone.
19:21 of 2nd period - Ryan Rupert is hit by Marcus Vela and loses puck.
19:53 of 2nd period - Minor Penalty to Liam Coughlin for Hooking.
19:54 of 2nd period - Gabriel Bourque wins face-off versus Matt Filipe in Stars zone.
Goals for this period are 1 for Condors vs 0 for Stars.
Shots for this period are 12 for Condors vs 12 for Stars.
0:00 of 3rd period - Icing by Mike Callahan.

3rd period


0:01 of 3rd period - Gabriel Bourque wins face-off versus Jonathan Ang in neutral zone.
0:58 of 3rd period - Shot by Brady Brassart .
0:58 of 3rd period - Stopped by Evan Cormier without a rebound.
0:59 of 3rd period - Gabriel Bourque wins face-off versus Brady Brassart in Stars zone.
1:09 of 3rd period - Off-side.
1:10 of 3rd period - Gabriel Bourque wins face-off versus Matt Filipe in neutral zone.
2:25 of 3rd period - Off-side.
2:26 of 3rd period - Brad Morrison wins face-off versus Jonathan Ang in neutral zone.
2:28 of 3rd period - Patrick McNally is hit by Marc McNulty and loses puck.
2:34 of 3rd period - Connor Bunnaman is hit by Patrick McNally and loses puck.
2:40 of 3rd period - Jonathan Ang is hit by Matthew Robertson and loses puck.
2:55 of 3rd period - Shot by Jonathan Ang.
2:55 of 3rd period - Shot Misses the Net.
3:30 of 3rd period - Shot by Anthony Camara.
3:30 of 3rd period - Deflect By Brady Brassart .
3:30 of 3rd period - Stopped by Evan Cormier without a rebound.
3:31 of 3rd period - Hudson Elynuik wins face-off versus Marcus Vela in Stars zone.
3:45 of 3rd period - Shot by Marcus Davidsson.
3:45 of 3rd period - Stopped by Evan Cormier with a rebound.
4:08 of 3rd period - Minor Penalty to Ilya Lyubushkin for High sticking.
4:09 of 3rd period - Jonathan Ang wins face-off versus Gabriel Bourque in Stars zone.
4:21 of 3rd period - Icing by Jonathan Ang.
4:22 of 3rd period - Gabriel Bourque wins face-off versus Jonathan Ang in Condors zone.
4:31 of 3rd period - Shot by Michael Brodzinski.
4:31 of 3rd period - Stopped by Evan Cormier without a rebound.
4:32 of 3rd period - Ryan Olsen wins face-off versus Matt Filipe in Stars zone.
4:45 of 3rd period - Shot by Mike Callahan.
4:45 of 3rd period - Stopped by Evan Cormier with a rebound.
4:47 of 3rd period - Shot by Matt Filipe.
4:47 of 3rd period - Shot Blocked by Matthew Robertson.
4:49 of 3rd period - Shot by Anthony Camara.
4:49 of 3rd period - Stopped by Evan Cormier without a rebound.
4:50 of 3rd period - Ryan Olsen wins face-off versus Jonathan Ang in Stars zone.
6:11 of 3rd period - Icing by Matthew Robertson.
6:12 of 3rd period - Marcus Vela wins face-off versus Ryan Rupert in Stars zone.
6:12 of 3rd period - Marcus Vela is hit by Matthew Robertson.
6:26 of 3rd period - Shot by Marcus Davidsson.
6:26 of 3rd period - Shot Misses the Net.
6:28 of 3rd period - Shot by Matteo Gennaro.
6:28 of 3rd period - Shot Misses the Net.
6:30 of 3rd period - Shot by Marcus Vela.
6:30 of 3rd period - Shot Misses the Net.
6:32 of 3rd period - Shot by Matteo Gennaro.
6:32 of 3rd period - Shot Misses the Net.
6:37 of 3rd period - Icing by Patrick McNally.
6:38 of 3rd period - Ryan Rupert wins face-off versus Jonathan Ang in Stars zone.
6:38 of 3rd period - Ryan Rupert is hit by Connor Bunnaman.
6:52 of 3rd period - Shot by Matthew Strome.
6:52 of 3rd period - Deflect By Kyle Platzer.
6:52 of 3rd period - Stopped by Kyle Keyser without a rebound.
6:53 of 3rd period - Ryan Olsen wins face-off versus Matt Filipe in Condors zone.
6:53 of 3rd period - Macoy Erkamps is hit by Seth Barton and loses puck.
7:23 of 3rd period - Shot by Matt Filipe.
7:23 of 3rd period - Shot Misses the Net.
7:45 of 3rd period - Off-side.
7:46 of 3rd period - Jonathan Ang wins face-off versus Hudson Elynuik in neutral zone.
8:06 of 3rd period - Shot by Gabriel Bourque.
8:06 of 3rd period - Stopped by Kyle Keyser with a rebound.
8:08 of 3rd period - Shot by Gabriel Bourque.
8:08 of 3rd period - Stopped by Kyle Keyser without a rebound.
8:09 of 3rd period - Marcus Davidsson wins face-off versus Ryan Rupert in Condors zone.
8:09 of 3rd period - Marcus Davidsson is hit by Matthew Strome.
8:22 of 3rd period - Ryan Rupert is hit by Marcus Vela and loses puck.
8:31 of 3rd period - Shot by Ryan Rupert.
8:31 of 3rd period - Stopped by Kyle Keyser without a rebound.
8:32 of 3rd period - Jonathan Ang wins face-off versus Hudson Elynuik in Condors zone.
8:32 of 3rd period - Jonathan Ang is hit by Gabriel Bourque.
8:44 of 3rd period - Shot by Hudson Elynuik.
8:44 of 3rd period - Shot Blocked by Marc McNulty.
10:21 of 3rd period - Shot by Matteson Iacopelli.
10:21 of 3rd period - Shot Blocked by Tate Olson.
10:23 of 3rd period - Shot by Matteson Iacopelli.
10:23 of 3rd period - Shot Misses the Net.
10:47 of 3rd period - Shot by Kyle Platzer.
10:47 of 3rd period - Shot Misses the Net.
10:56 of 3rd period - Off-side.
10:57 of 3rd period - Brad Morrison wins face-off versus Brady Brassart in neutral zone.
10:57 of 3rd period - Brad Morrison is hit by Taylor Cammarata.
11:17 of 3rd period - Shot by Nick Sorensen.
11:17 of 3rd period - Shot Blocked by Patrick McNally.
11:19 of 3rd period - Shot by Seth Barton.
11:19 of 3rd period - Shot Blocked by Matthew Robertson.
11:21 of 3rd period - Shot by Taylor Cammarata.
11:21 of 3rd period - Shot Blocked by Patrick McNally.
11:50 of 3rd period - Shot by Connor Bunnaman.
11:50 of 3rd period - Shot Misses the Net.
11:55 of 3rd period - Icing by Matthew Robertson.
11:56 of 3rd period - Marcus Vela wins face-off versus Brad Morrison in Stars zone.
12:52 of 3rd period - Shot by Jonathan Ang.
12:52 of 3rd period - Stopped by Evan Cormier without a rebound.
12:53 of 3rd period - Ryan Olsen wins face-off versus Matt Filipe in Stars zone.
13:02 of 3rd period - Shot by Matteson Iacopelli.
13:02 of 3rd period - Stopped by Kyle Keyser with a rebound.
13:35 of 3rd period - Brady Brassart is hit by Joseph Cecconi and loses puck.
13:49 of 3rd period - Brett Pollock is hit by Macoy Erkamps and loses puck.
14:06 of 3rd period - Mike Callahan is hit by Matthew Strome and loses puck.
14:46 of 3rd period - Icing by Tate Olson.
14:47 of 3rd period - Marcus Vela wins face-off versus Hudson Elynuik in Condors zone.
14:58 of 3rd period - Shot by Marcus Vela.
14:58 of 3rd period - Shot Misses the Net.
15:15 of 3rd period - Off-side.
15:16 of 3rd period - Brad Morrison wins face-off versus Matt Filipe in neutral zone.
16:00 of 3rd period - Anthony Camara is hit by Matthew Strome and loses puck.
16:09 of 3rd period - Shot by Ryan Rupert.
16:09 of 3rd period - Stopped by Kyle Keyser with a rebound.
16:11 of 3rd period - Shot by Ryan Rupert.
16:11 of 3rd period - Shot Misses the Net.
16:13 of 3rd period - Shot by Macoy Erkamps.
16:13 of 3rd period - Shot Misses the Net.
16:25 of 3rd period - Shot by Ryan Rupert.
16:25 of 3rd period - Shot Blocked by Matt Filipe.
16:27 of 3rd period - Shot by Joseph Cecconi.
16:27 of 3rd period - Shot Blocked by Seth Barton.
16:29 of 3rd period - Shot by Macoy Erkamps.
16:29 of 3rd period - Stopped by Kyle Keyser without a rebound.
16:30 of 3rd period - Hudson Elynuik wins face-off versus Jonathan Ang in Condors zone.
16:44 of 3rd period - Shot by Gabriel Bourque.
16:44 of 3rd period - Shot Misses the Net.
16:46 of 3rd period - Shot by Kyle Olson.
16:46 of 3rd period - Shot Misses the Net.
16:48 of 3rd period - Shot by Kyle Olson.
16:48 of 3rd period - Shot Blocked by Jonathan Ang.
16:50 of 3rd period - Shot by Hudson Elynuik.
16:50 of 3rd period - Stopped by Kyle Keyser with a rebound.
16:52 of 3rd period - Shot by Gabriel Bourque.
16:52 of 3rd period - Goal by Gabriel Bourque - Condors : 2 - Stars : 3.
16:53 of 3rd period - Ryan Olsen wins face-off versus Matteo Gennaro in neutral zone.
16:55 of 3rd period - Christoph Bertschy is hit by Tate Olson and loses puck.
17:02 of 3rd period - Shot by Ryan Olsen.
17:02 of 3rd period - Stopped by Kyle Keyser without a rebound.
17:03 of 3rd period - Jonathan Ang wins face-off versus Matthew Strome in Condors zone.
17:08 of 3rd period - Shot by Jonathan Ang.
17:08 of 3rd period - Stopped by Evan Cormier with a rebound.
17:40 of 3rd period - Shot by Connor Bunnaman.
17:40 of 3rd period - Stopped by Evan Cormier with a rebound.
19:18 of 3rd period - Ilya Lyubushkin is hit by Anthony Camara and loses puck.
19:29 of 3rd period - Condors, Kyle Keyser is pulled from the net.
19:55 of 3rd period - Shot by Matteson Iacopelli.
19:55 of 3rd period - Shot Blocked by Marc McNulty.
Goals for this period are 0 for Condors vs 1 for Stars.
Shots for this period are 9 for Condors vs 10 for Stars.